 Dungeon Crawl Stone Soup version 0.20.1-1-g8b1a95d (webtiles) character file.

17082 ReignOfFire the Slicer (level 12, -4/82 HPs)
             Began as a Demonspawn Gladiator on July 21, 2017.
             Was a High Priest of Makhleb.
             Slain by a vault guard
             ... wielding a +0 great sword
              (21 damage)
             ... on level 13 of the Dungeon.
             The game lasted 00:29:55 (11426 turns).

ReignOfFire the Slicer (Demonspawn Gladiator)      Turns: 11426, Time: 00:29:56

Health: -4/82      AC: 11    Str: 21    XL:     12   Next: 15%
Magic:  9/16       EV: 24    Int: 12    God:    Makhleb [*****.]
Gold:   755        SH:  0    Dex: 19    Spells: 10/13 levels left

rFire    . . .     SeeInvis +   a - +3 long sword "Itiamnosku" {vamp, Str+3 Dex+5}
rCold    . . .     Gourm    .   (no shield)
rNeg     . . .     Faith    .   c - +0 steam dragon scales
rPois    .         Spirit   .   (helmet unavailable)
rElec    .         Reflect  .   P - +0 cloak
rCorr    .         Harm     .   (no gloves)
MR       .....                  J - +0 pair of boots
Stlth    +++.......             O - amulet of rage
Regen    0.3/turn               S - ring of wizardry
MPRegen  0.2/turn               q - +5 ring of evasion

@: very slightly contaminated
A: antennae 3, fangs 1, icy blue scales 2, see invisible, blink, demonic
guardian 1, frail 1, sense surroundings 1, subdued magic 1, MP-powered wands
a: Blink, Minor Destruction, Lesser Servant of Makhleb, Major Destruction,
Greater Servant of Makhleb, Renounce Religion, Evoke Berserk Rage


You were on level 13 of the Dungeon.
You worshipped Makhleb.
Makhleb was extremely pleased with you.
You were very hungry.

You visited 1 branch of the dungeon, and saw 13 of its levels.

You collected 755 gold pieces.

Inventory:

Hand Weapons
 a - the +3 long sword "Itiamnosku" (weapon) {vamp, Str+3 Dex+5}
   (You found it on level 9 of the Dungeon)

   It inflicts no extra harm, but heals its wielder when it wounds a living foe.
   It affects your strength (+3).
   It affects your dexterity (+5).
 E - the +10 rapier of Inference {antimagic, rElec}
   (You found it on level 7 of the Dungeon)

   It reduces the magical energy of the wielder, and disrupts the spells and
   magical abilities of those hit.
   Natural abilities and divine invocations are not affected.
   It insulates you from electricity.
 R - a +3 rapier of venom
Missiles
 d - 2 throwing nets (quivered)
Armour
 b - a +0 leather armour
 c - +0 steam dragon scales (worn)
 p - a +2 leather armour of poison resistance
 J - a +0 pair of boots (worn)
 L - a +1 hat
 P - a +0 cloak (worn)
Jewellery
 q - a +5 ring of evasion (right hand)
 s - an uncursed ring of see invisible
 t - a +3 ring of strength
 G - a +2 ring of strength
 N - an uncursed ring of magical power
 O - an amulet of rage (around neck)
 S - a ring of wizardry (left hand)
Wands
 w - a wand of paralysis (8/24)
 z - a wand of confusion (48/48)
 B - a wand of iceblast (8/15)
Scrolls
 e - 4 scrolls of remove curse
 h - 2 scrolls of amnesia
 m - 3 scrolls of teleportation
 o - 2 scrolls of enchant weapon
 y - 3 scrolls of magic mapping
 D - a scroll of fog
 F - 6 scrolls of fear
 H - 4 scrolls of identify
 I - a scroll of blinking
 M - a scroll of brand weapon {unknown}
Potions
 k - 2 potions of flight
 l - a potion of lignification
 n - a potion of berserk rage
 r - 2 potions of magic {unknown}
 u - 4 potions of haste
 x - 6 potions of curing
 K - a potion of agility
Books
 C - a book of Necromancy

   Spells                             Type                      Level
   a - Pain                           Necromancy                   1
   b - Animate Skeleton               Necromancy                   1
   c - Vampiric Draining              Necromancy                   3
   d - Regeneration                   Charms/Necromancy            3
   e - Animate Dead                   Necromancy                   4
   f - Control Undead                 Necromancy                   4
 Q - Paxtokhlene's Grimoire of Bewitching Summoning
   (You found it on level 7 of the Dungeon)

   Spells                             Type                      Level
   a - Summon Guardian Golem          Hexes/Summoning              3
   b - Leda's Liquefaction            Hexes/Earth                  4
   c - Summon Lightning Spire         Summoning/Air                4
   d - Metabolic Englaciation         Hexes/Ice                    5
Comestibles
 f - 3 bread rations
 g - 11 royal jellies
 j - 5 fruits
 v - 10 meat rations


   Skills:
 + Level 8.1 Fighting
 + Level 10.1(11.1) Short Blades
 + Level 7.5(9.9) Long Blades
 - Level 2.0 Throwing
 + Level 4.6 Armour
 + Level 8.3 Dodging
 + Level 5.9 Stealth
 + Level 1.2 Spellcasting
 + Level 1.0 Charms
 + Level 1.6 Necromancy
 + Level 5.6 Invocations


You had 10 spell levels left.
You knew the following spells:

 Your Spells              Type           Power        Failure   Level  Hunger
a - Regeneration          Chrm/Necr      #.........   17%         3    ####...


Dungeon Overview and Level Annotations

Branches:
Dungeon (13/15)            Temple (0/1) D:5            Lair (0/6) D:10
    Orc (0/2) D:10         Vaults (0/5) D:13

Altars:
Cheibriados
Elyvilon
Makhleb
Nemelex Xobeh
Okawaru
Qazlal
Vehumet
Zin
The Shining One
Beogh

Annotations:
D:5 Goboxel's ghost, novice DrMo


Innate Abilities, Weirdness & Mutations

You have a pair of large antennae on your head. (SInv)
You are mostly covered in icy blue scales. (AC +3)
A weak demonic guardian rushes to your aid.
You have very sharp teeth.
You have supernaturally acute eyesight. (SInv)
You can translocate small distances at will.
You are frail. (-10% HP)
You passively map a small area around you.
Your spells are a little easier to cast, but a little less powerful.
You expend magic power (3 MP) to strengthen your wands.


Message History

The two-headed ogre barely misses your iron imp. x2
Your iron imp hits the two-headed ogre.
The two-headed ogre hits your iron imp with a giant spiked club!
The two-headed ogre hits your iron imp with a giant club!
Your iron imp dies!
The two-headed ogre shouts in stereo!
You see here 8 tomahawks.
You hit the two-headed ogre.
The two-headed ogre is almost dead.
The two-headed ogre barely misses you.
The two-headed ogre completely misses you.
You slash the two-headed ogre!
You feel better.
You kill the two-headed ogre!
Makhleb accepts your kill.
You barely miss the vault guard.
The vault guard hits you with a great sword!
* * * LOW HITPOINT WARNING * * *
You barely miss the vault guard.
The vault guard hits you with a great sword!!
You die...

#.##..#.#.#..,
,
#.##..#.#.###
#.##..#.#.# *
#.##))#.#p# ,
, #.##)<#)#.#
* ,
#.##.##.#.# *
#.#.....#.#
###.#######.#
#....@p.....#
#############


You could see a vault guard.

Vanquished Creatures
  A two-headed ogre (shapeshifter) (D:13)
  6 two-headed ogres
  The ghost of Gets the Slicer, a journeyman SpAr of Nemelex Xobeh (D:10)
  The ghost of cba the Skirmisher, a novice VSFi of the Shining One (D:8)
  A centaur skeleton (D:12)
  A gargoyle (D:11)
  A tengu conjurer (D:13)
  A troll (D:10)
  A slime creature (D:13)
  4 hippogriffs
  A shadow (D:11)
  A wyvern (D:12)
  A human (D:8)
  7 yaks
  2 hogs (D:8)
  A steam dragon (D:11)
  An acid dragon (D:12)
  2 hell hounds (D:10)
  6 orc warriors
  A necrophage (D:7)
  4 sky beasts
  An ice beast (D:8)
  7 ogres
  3 centaurs
  A crocodile (D:12)
  2 big kobolds
  8 bullfrogs
  A water moccasin skeleton (D:6)
  5 scorpions
  8 killer bees (D:10)
  26 wights
  2 howler monkeys
  3 crimson imps
  A bullfrog zombie (D:8)
  A quasit (D:10)
  4 orc priests
  3 jellies
  A gnoll shaman (D:7)
  2 bullfrog skeletons
  6 iguanas
  12 orc wizards
  4 worker ants
  2 hound skeletons
  A howler monkey zombie (D:7)
  5 gnolls
  11 adders
  2 shadow imps
  An adder zombie (D:9)
  An adder skeleton (D:7)
  2 worms (D:2)
  2 dart slugs
  5 leopard geckos
  78 orcs
  7 bats
  7 giant cockroaches
  10 goblins
  13 hobgoblins
  3 jackals
  7 quokkas
  3 frilled lizards
  17 kobolds
  2 leopard gecko skeletons
  A rat (D:2)
326 creatures vanquished.

Vanquished Creatures (collateral kills)
  Gastronok (D:12)
  An ugly thing (D:10)
  A centaur zombie (D:13)
  A troll (D:10)
  A hippogriff (D:12)
  A hog (D:8)
  2 orc warriors (D:10)
  A necrophage (D:6)
  An ogre (D:5)
  5 centaurs (D:12)
  A crimson imp (D:5)
  A bullfrog skeleton (D:7)
  2 hounds
  2 orc priests
  3 orc wizards
  An iguana (D:7)
  A worm (D:4)
  6 orcs
  A ball python (D:4)
  A jackal (D:4)
  A kobold (D:7)
35 creatures vanquished.

Grand Total: 361 creatures vanquished

Notes
Turn   | Place    | Note
-------+----------+-------------------------------------------
     0 | D:1      | ReignOfFire the Demonspawn Gladiator began the quest for the Orb.
     0 | D:1      | Reached XP level 1. HP: 16/16 MP: 1/1
   381 | D:1      | Gained mutation: You are partially covered in icy blue scales. (AC +2) [demonic ancestry]
   381 | D:1      | Reached XP level 2. HP: 22/22 MP: 2/2
   648 | D:1      | Reached skill level 3 in Short Blades
   993 | D:2      | Gained mutation: A weak demonic guardian rushes to your aid. [demonic ancestry]
   993 | D:2      | Reached XP level 3. HP: 25/27 MP: 3/3
  1362 | D:2      | Found a burning altar of Makhleb.
  1362 | D:2      | Found a snail-covered altar of Cheibriados.
  1363 | D:2      | Found an iron altar of Okawaru.
  1438 | D:2      | Reached XP level 4. HP: 33/33 MP: 4/4
  1616 | D:3      | Reached skill level 4 in Short Blades
  1637 | D:2      | Found a glowing golden altar of the Shining One.
  1637 | D:2      | Found a stormy altar of Qazlal.
  1648 | D:2      | Became a worshipper of Makhleb the Destroyer
  1938 | D:3      | Reached skill level 1 in Armour
  1991 | D:3      | Found a glowing silver altar of Zin.
  2099 | D:4      | Gained mutation: You have a pair of small antennae on your head. [demonic ancestry]
  2099 | D:4      | Reached XP level 5. HP: 34/39 MP: 5/5
  2208 | D:4      | Noticed an ogre
  2216 | D:4      | Killed an ogre
  2266 | D:4      | Reached XP level 6. HP: 29/46 MP: 6/6
  2576 | D:4      | Reached * piety under Makhleb
  2576 | D:4      | Reached skill level 1 in Stealth
  2639 | D:4      | Reached skill level 5 in Short Blades
  3189 | D:5      | Entered Level 5 of the Dungeon
  3298 | D:5      | Reached XP level 7. HP: 52/52 MP: 7/7
  3805 | D:5      | Found a white marble altar of Elyvilon.
  3810 | D:5      | Noticed Goboxel's ghost (novice DrMo)
  3871 | D:5      | Found a staircase to the Ecumenical Temple.
  4424 | D:6      | Reached skill level 6 in Short Blades
  4698 | D:7      | Reached ** piety under Makhleb
  4749 | D:7      | HP: 1/52 [sky beast (6)]
  4752 | D:7      | Gained mutation: You have a pair of antennae on your head. [demonic ancestry]
  4752 | D:7      | Reached XP level 8. HP: 9/59 MP: 8/8
  4754 | D:7      | Gained mutation: Your body sometimes deteriorates upon taking damage. [potion of mutation]
  4754 | D:7      | Gained mutation: Your magical capacity is low. (-10% MP) [potion of mutation]
  4754 | D:7      | Gained mutation: You tend to lose your temper in combat. [potion of mutation]
  4754 | D:7      | Gained mutation: You can translocate small distances at will. [potion of mutation]
  5728 | D:7      | Got a shimmering rapier
  5729 | D:7      | Identified the +10 rapier of Inference {antimagic, rElec} (You found it on level 7 of the Dungeon)
  5739 | D:7      | Reached skill level 5 in Dodging
  5788 | D:7      | Noticed a hippogriff
  5808 | D:7      | Killed a hippogriff
  5808 | D:7      | Reached skill level 7 in Short Blades
  6090 | D:7      | Identified Paxtokhlene's Grimoire of Bewitching Summoning
  6519 | D:7      | Reached skill level 5 in Fighting
  6630 | D:8      | Gained mutation: You are mostly covered in icy blue scales. (AC +3) [demonic ancestry]
  6630 | D:8      | Reached XP level 9. HP: 63/68 MP: 2/8
  6656 | D:8      | Reached skill level 8 in Short Blades
  7066 | D:8      | Noticed cba's ghost (novice VSFi)
  7078 | D:8      | Killed cba's ghost
  7121 | D:8      | Reached *** piety under Makhleb
  7128 | D:8      | Reached skill level 9 in Short Blades
  7282 | D:8      | Noticed a two-headed ogre
  7289 | D:8      | Killed a two-headed ogre
  7289 | D:8      | Reached XP level 10. HP: 77/77 MP: 3/9
  7307 | D:8      | Found a radiant altar of Vehumet.
  7518 | D:8      | Noticed a two-headed ogre
  7522 | D:8      | Reached skill level 1 in Invocations
  7530 | D:8      | Killed a two-headed ogre
  7586 | D:9      | Noticed a two-headed ogre
  7591 | D:9      | Killed a two-headed ogre
  7768 | D:9      | Reached skill level 10 in Short Blades
  7957 | D:9      | Got a twisted long sword
  7959 | D:9      | Lost mutation: Your body sometimes deteriorates upon taking damage. [potion of mutation]
  7959 | D:9      | Lost mutation: Your magical capacity is low. (-10% MP) [potion of mutation]
  7959 | D:9      | Lost mutation: You tend to lose your temper in combat. [potion of mutation]
  7959 | D:9      | Gained mutation: Your body sometimes deteriorates upon taking damage. [potion of mutation]
  7959 | D:9      | Gained mutation: Your spells are a little easier to cast, but a little less powerful. [potion of mutation]
  7959 | D:9      | Gained mutation: Your muscles are strong. (Str +2) [potion of mutation]
  7960 | D:9      | Lost mutation: You can translocate small distances at will. [potion of mutation]
  7960 | D:9      | Lost mutation: Your body sometimes deteriorates upon taking damage. [potion of mutation]
  7960 | D:9      | Lost mutation: Your spells are a little easier to cast, but a little less powerful. [potion of mutation]
  7960 | D:9      | Lost mutation: Your muscles are strong. (Str +2) [potion of mutation]
  7960 | D:9      | Gained mutation: Your spells are a little easier to cast, but a little less powerful. [potion of mutation]
  7960 | D:9      | Gained mutation: You passively map a small area around you. [potion of mutation]
  7960 | D:9      | Gained mutation: You have very sharp teeth. [potion of mutation]
  7967 | D:9      | Identified the +3 long sword "Itiamnosku" {vamp, Str+3 Dex+5} (You found it on level 9 of the Dungeon)
  8080 | D:9      | Noticed a two-headed ogre
  8096 | D:9      | Killed a two-headed ogre
  8141 | D:9      | Reached skill level 1 in Long Blades
  8154 | D:9      | Reached **** piety under Makhleb
  8367 | D:10     | Entered Level 10 of the Dungeon
  8388 | D:10     | Gained mutation: You are robust. (+10% HP) [mutagenic meat]
  8389 | D:10     | Gained mutation: You can translocate small distances at will. [mutagenic meat]
  8390 | D:10     | Lost mutation: You are robust. (+10% HP) [mutagenic meat]
  8391 | D:10     | Gained mutation: You have supernaturally acute eyesight. (SInv) [mutagenic meat]
  8492 | D:10     | Reached skill level 5 in Invocations
  8561 | D:10     | HP: 2/77 [orc warrior/scimitar (13)]
  8907 | D:10     | Reached XP level 11. HP: 83/83 MP: 14/14
  9056 | D:10     | Noticed Gets's ghost (journeyman SpAr)
  9085 | D:10     | Killed Gets's ghost
  9085 | D:10     | Reached skill level 5 in Stealth
  9116 | D:10     | Noticed a cyan ugly thing
  9125 | D:10     | Killed a cyan ugly thing
  9142 | D:10     | Gained mutation: You expend magic power (3 MP) to strengthen your wands. [mutagenic meat]
  9143 | D:10     | Gained mutation: You are frail. (-10% HP) [mutagenic meat]
  9147 | D:10     | Found a staircase to the Lair.
  9305 | D:10     | Found a roughly hewn altar of Beogh.
  9305 | D:10     | Found a staircase to the Orcish Mines.
  9579 | D:10     | Found a sparkling altar of Nemelex Xobeh.
  9762 | D:10     | Reached ***** piety under Makhleb
 10105 | D:11     | Learned a level 3 spell: Regeneration
 10122 | D:11     | Reached skill level 5 in Long Blades
 10519 | D:12     | Noticed a two-headed ogre
 10529 | D:12     | Killed a two-headed ogre
 10648 | D:12     | Noticed Gastronok
 10674 | D:12     | Killed Gastronok
 10855 | D:12     | Reached skill level 1 in Necromancy
 11147 | D:13     | Reached skill level 1 in Spellcasting
 11249 | D:13     | Noticed a two-headed ogre
 11249 | D:13     | a hippogriff changed into a two-headed ogre
 11258 | D:13     | Killed a two-headed ogre
 11258 | D:13     | Gained mutation: You have a pair of large antennae on your head. (SInv) [demonic ancestry]
 11258 | D:13     | Reached XP level 12. HP: 76/82 MP: 16/16
 11284 | D:13     | Reached skill level 1 in Charms
 11309 | D:13     | Found a gate to the Vaults.
 11309 | D:13     | Noticed a vault guard
 11309 | D:13     | Noticed a vault guard
 11309 | D:13     | Noticed a vault guard
 11309 | D:13     | Noticed a two-headed ogre
 11324 | D:13     | Noticed a vault guard
 11424 | D:13     | Killed a two-headed ogre
 11426 | D:13     | Slain by a vault guard

Skill      XL: |  1  2  3  4  5  6  7  8  9 10 11 12 |
---------------+-------------------------------------+-----
Dodging        | 3 4 5 6 7 8 |  8.3
Short Blades   | 3 4 5 6 7 9 10 | 10.1
Armour         | 1 2 3 4 |  4.6
Fighting       | 3 5 6 8 |  8.1
Stealth        | 1 2 3 4 5 |  5.9
Invocations    | 5 |  5.6
Throwing       | 2 |  2.0
Long Blades    | 3 7 |  7.5
Necromancy     | 1 |  1.6
Spellcasting   | 1 |  1.2
Charms         | 1 |  1.0

Action                   |  1- 3 |  4- 6 |  7- 9 | 10-12 || total
-------------------------+-------+-------+-------+-------++-------
Melee: Rapier            |    54 |       |   131 |    54 ||   239
       Short sword       |    47 |   180 |   188 |       ||   415
       Long sword        |       |       |       |   531 ||   531
       Bite              |       |       |       |   121 ||   121
Throw: Throwing net      |       |       |     1 |     4 ||     5
 Cast: Regeneration      |       |       |       |    11 ||    11
Invok: Minor Destruction |       |       |       |    42 ||    42
       Lesser Servant of |       |       |       |     6 ||     6
  Use: Potion            |       |       |     6 |     4 ||    10
       Scroll            |       |       |       |    19 ||    19
 Stab: Sleeping          |     1 |     1 |     3 |    12 ||    17
       Distracted        |       |     3 |     4 |     7 ||    14
       Held in net/web   |       |       |       |     4 ||     4
  Eat: Chunk             |     1 |     7 |    12 |    26 ||    46
       Bread ration      |       |       |       |     1 ||     1
Armor: Leather armour    |    27 |    49 |    63 |    44 ||   183
       Skin              |       |       |     3 |       ||     3
       Steam dragon scal |       |       |       |    77 ||    77
Dodge: Dodged            |    79 |   103 |   192 |   626 ||  1000
       Rpst.: Long sword |       |       |       |   168 ||   168
